Map: Simulacrum LE

Players

DPGCure (Cure) - Winner!

  • Race: Terran Terran
  • League: Master
  • Spawn Location: 5:00

SpeCial

  • Race: Terran Terran
  • League: Master
  • Spawn Location: 11:00

Event: Shopify TSL 5

VOD

Have the link to the VOD?

Description

Time

  • Played on: May 17, 2020, 12:18 p.m.
  • Length: 13:00

All games in this series

Show
View Real Time Build Order
Export as new Build Order

DPGCure Terran - Winner!

Build Orders:  

Get SALT Encoding   

  12  0:00  SCV  
  13  0:12  SCV  
  14  0:17  Supply Depot  
  14  0:24  SCV  
  14  0:27  Refinery  
  15  0:39  SCV  
  16  0:44  Barracks  
  16  0:51  SCV  
  16  0:54  Refinery  
  17  1:03  SCV  
  18  1:15  SCV  
  19  1:30  Orbital Command  
  19  1:32  Factory  
  19  1:35  Reaper  
  20  1:44  Supply Depot  
  20  1:57  SCV  
  21  2:07  Reaper  
  22  2:09  SCV  
  22  2:16  Hellion  
  22  2:21  SCV  
  25  2:29  Command Center  
  25  2:33  SCV  
  26  2:39  Reaper  
  26  2:40  Hellion  
  29  2:45  Supply Depot  
  29  2:55  SCV  
  30  2:59  Starport  
  30  3:07  SCV, Hellion  
  33  3:16  Marine  
  33  3:19  SCV  
  35  3:27  Refinery  
  35  3:31  SCV  
  34  3:36  Factory Tech Lab  
  34  3:38  Barracks Reactor, Starport Tech Lab  
  34  3:43  SCV, Orbital Command  
  35  3:55  SCV  
  32  4:04  Raven, Cyclone  
  32  4:07  SCV  
  32  4:09  SCV  
  38  4:15  Marine x2  
  40  4:19  SCV  
  40  4:21  SCV  
  42  4:25  Command Center  
  42  4:31  SCV  
  42  4:33  SCV  
  42  4:34  Marine x2  
  46  4:38  Siege Tank  
  46  4:45  SCV x2  
  51  4:49  Supply Depot  
  54  4:57  Supply Depot  
  52  5:00  SCV x2  
  53  5:07  Starport Reactor  
  53  5:09  Barracks x2  
  53  5:11  Stimpack  
  53  5:12  SCV x2  
  55  5:14  Marine  
  56  5:24  SCV x2  
  58  5:32  Engineering Bay x2  
  58  5:34  Marine  
  59  5:36  SCV x2, Siege Tank  
  59  5:41  Orbital Command  
  64  5:49  SCV x2  
  70  6:00  Marine x2  
  70  6:01  Marine  
  70  6:03  Terran Infantry Weapons Level 1, Terran Infantry Armor Level 1  
  69  6:05  Starport Reactor, Marine x2  
  69  6:06  Supply Depot  
  69  6:11  Siege Tank  
  73  6:18  Marine x3  
  73  6:23  Marine x2  
  78  6:32  SCV x3  
  81  6:34  Supply Depot  
  81  6:36  Marine x3  
  84  6:41  Medivac, Marine x2  
  84  6:42  Medivac  
  90  6:48  Siege Tank  
  90  6:53  Combat Shield  
  93  6:56  Marine x3  
  93  6:58  Marine  
  93  7:00  Marine  
  98  7:03  Supply Depot  
  98  7:06  Supply Depot  
  98  7:13  Medivac  
  98  7:14  Marine  
  101  7:16  Marine  
  101  7:23  Medivac  
  101  7:27  Marine x2  
  102  7:30  Marine  
  102  7:31  Marine  
  102  7:34  Marine  
  97  7:48  Siege Tank  
  97  7:49  Marine x4  
  99  7:52  Marine  
  99  7:56  Medivac x2  
  100  8:04  Orbital Command  
  100  8:07  Marine x2  
  100  8:10  Supply Depot  
  102  8:20  Marine x2  
  102  8:22  Marine  
  82  8:32  SCV x2  
  82  8:34  Medivac x2  
  83  8:35  Siege Tank  
  88  8:44  SCV x2  
  90  8:52  Marine x5  
  95  8:56  SCV x2  
  96  9:08  SCV x2  
  98  9:12  Medivac x2  
  98  9:13  Siege Tank  
  98  9:14  Marine x2  
  98  9:15  Marine  
  108  9:17  Marine  
  108  9:18  Marine  
  108  9:24  SCV x2, Supply Depot  
  112  9:32  Supply Depot  
  112  9:48  Marine x2  
  112  9:49  Command Center, Marine x3  
  112  9:50  Siege Tank  
  120  9:56  Refinery  
  120  10:05  Armory  
  119  10:07  SCV x2  
  119  10:08  Barracks x2  
  121  10:14  Marine x5  
  121  10:20  SCV x2  
  128  10:26  Supply Depot x2  
  128  10:28  Siege Tank  
  131  10:34  Marine x3  
  134  10:47  SCV x2, Marine x2  
  134  10:48  Sensor Tower  
  138  11:07  Barracks Reactor x2  
  138  11:09  SCV x2  
  140  11:17  Marine x5  
  145  11:21  Siege Tank  
  135  11:27  Medivac x2  
  135  11:28  SCV x2  
  139  11:38  Marine x5  
  141  11:45  Marine x4  
  140  11:47  Orbital Command  
  140  11:53  Siege Tank  
  143  11:56  Marine x4  
  143  12:01  Marine  
  148  12:03  Marine x3  
  151  12:10  Marine  
  151  12:14  Marine x3  
  152  12:19  Marine x2  
  152  12:21  Marine x3  
  157  12:23  Medivac x2  
  157  12:28  Marine  
  160  12:31  Marine  
  160  12:32  Marine x2  
  163  12:37  Marine x2  
  155  12:53  Supply Depot x2  
Show
View Real Time Build Order
Export as new Build Order

SpeCial Terran 

Build Orders:  

Get SALT Encoding   

  12  0:01  SCV  
  13  0:13  SCV  
  14  0:17  Supply Depot  
  14  0:25  SCV  
  15  0:38  SCV  
  15  0:39  Barracks  
  16  0:44  Refinery  
  16  0:50  SCV  
  17  1:01  Barracks  
  17  1:04  SCV  
  18  1:13  Refinery  
  18  1:16  SCV  
  19  1:28  Reaper  
  19  1:31  Orbital Command  
  20  1:49  Reaper  
  20  1:53  Supply Depot  
  21  1:57  SCV  
  21  2:00  Reaper  
  23  2:15  SCV  
  24  2:17  Factory  
  24  2:21  Reaper  
  25  2:27  SCV  
  26  2:35  Reaper  
  27  2:39  SCV  
  28  2:56  Command Center  
  28  2:57  SCV  
  29  3:01  Starport, Factory Tech Lab  
  29  3:05  Supply Depot  
  29  3:10  SCV  
  30  3:23  SCV  
  30  3:27  Cyclone  
  31  3:36  SCV  
  31  3:39  Starport Tech Lab  
  30  3:44  Marine  
  30  3:45  Marine  
  32  3:48  SCV  
  32  4:00  SCV  
  28  4:06  Siege Tank  
  28  4:08  Banshee  
  28  4:09  Barracks Reactor  
  34  4:10  Marine  
  34  4:13  SCV  
  36  4:25  SCV, Refinery  
  36  4:28  Marine  
  38  4:36  Orbital Command  
  38  4:37  SCV  
  39  4:39  Siege Tank  
  42  4:48  Marine  
  42  4:49  SCV  
  44  5:01  SCV  
  44  5:02  Viking, Supply Depot  
  44  5:03  Viking  
  49  5:07  SCV  
  49  5:10  Marine x2  
  52  5:21  Supply Depot  
  52  5:23  SCV, Siege Tank  
  52  5:25  SCV  
  57  5:28  Marine  
  57  5:29  Marine  
  59  5:37  Viking  
  59  5:41  SCV  
  62  5:45  Viking  
  62  5:48  Supply Depot  
  64  5:52  SCV  
  64  5:53  SCV  
  66  6:00  Siege Tank  
  69  6:04  SCV  
  69  6:07  Supply Depot  
  69  6:09  SCV, Marine  
  72  6:13  Viking  
  74  6:20  Viking  
  74  6:25  SCV  
  77  6:28  SCV  
  78  6:37  SCV  
  79  6:41  SCV  
  79  6:43  Viking  
  82  6:49  Marine x2  
  82  6:50  Viking  
  86  7:05  Supply Depot x2  
  86  7:14  Barracks Reactor  
  86  7:26  SCV x2, Siege Tank  
  89  7:32  Marine  
  89  7:34  Command Center  
  90  7:38  SCV x2  
  92  7:50  SCV x2, Marine x2  
  94  7:54  Marine  
  93  7:58  Stimpack  
  93  8:03  SCV x2  
  95  8:07  Marine  
  95  8:08  Marine  
  95  8:09  Viking x2  
  95  8:12  Marine  
  102  8:19  SCV  
  103  8:20  Refinery  
  103  8:25  Marine x2  
  84  8:28  SCV  
  84  8:29  Siege Tank  
  84  8:30  Marine  
  84  8:31  SCV  
  78  8:37  Engineering Bay  
  78  8:43  SCV, Marine x2  
  78  8:44  SCV  
  78  8:46  Orbital Command  
  78  8:48  Marine  
  81  8:54  Viking  
  83  8:56  Viking  
  83  9:01  Marine x2  
  84  9:04  Bunker  
  84  9:05  Marine  
  85  9:13  Terran Infantry Weapons Level 1, Barracks  
  85  9:19  Marine x2  
  85  9:23  Missile Turret x2, Marine  
  88  9:27  Engineering Bay  
  88  9:36  Marine  
  88  9:37  Marine, Siege Tank  
  93  9:39  Barracks  
  93  9:40  Barracks  
  93  9:43  Combat Shield  
  93  9:45  Marine  
  93  9:49  Orbital Command, Liberator  
  93  9:52  Liberator  
  97  9:54  Marine  
  97  9:55  Marine, Terran Infantry Armor Level 1  
  98  10:01  SCV  
  98  10:03  Marine  
  101  10:10  Barracks Reactor, Supply Depot  
  101  10:12  Supply Depot, Marine  
  101  10:13  SCV, Marine  
  99  10:15  Siege Tank  
  99  10:21  Marine  
  103  10:25  Supply Depot  
  103  10:30  Marine  
  103  10:31  Marine  
  103  10:32  Medivac  
  103  10:35  Medivac  
  111  10:37  Barracks Reactor  
  111  10:38  Barracks Reactor, Marine  
  110  10:48  Marine, Siege Tank  
  110  10:49  Orbital Command, Marine  
  115  10:51  Marine x2  
  115  10:56  Marine  
  115  10:57  SCV  
  119  11:05  Marine  
  119  11:07  Marine  
  119  11:08  Armory  
  119  11:09  Marine x2  
  123  11:14  Marine  
  123  11:17  Marine x2  
  121  11:21  Siege Tank  
  121  11:23  Marine  
  121  11:24  Marine x2  
  122  11:26  Marine x3  
  122  11:28  SCV x2  
  122  11:32  Medivac x2, Marine  
  129  11:35  Marine x2  
  131  11:41  Marine  
  131  11:42  Marine x2  
  131  11:46  Marine  
  134  11:51  Supply Depot  
  134  11:52  Supply Depot  
  134  12:12  Marine x8  
  134  12:13  Marine  
  143  12:17  Medivac  
  143  12:18  Medivac  
  144  12:30  Marine x5  
  144  12:32  Marine  
  144  12:36  Supply Depot, Marine  
  151  12:37  Supply Depot  
Tags
 
Add a new tag
Caveats
  • Supply blocks, unpowered buildings, or Contaminate may cause inaccurate times.
  • Supply counts are checked every 10 seconds.